AoeStats
← Diegor

Arabia

510924634Analyzed
1v1 RM · 18h ago on Oct 3, 2026· 56m 6s· 2 players
Game mode
Random Map
Map size
Tiny (2 player)
Population
200
Speed
Normal
Resources
Standard
Victory
Conquest
Starting age
Dark Age
Ending age
Imperial Age
RankedLock teamsTeams togetherTeam positionsShared explorationLock speedFull tech treeHidden civsTurbo modeCheats
Victory
Defeat
🇦🇷 Huns · Argentina
495
+18
🇵🇪 Spanish · Peru
535
-18
aniel
11:02 Feudal Age
11:35 Loom
11:36 Horse Collar
11:45 Double-Bit Axe
13:32 Gold Mining
19:16 Castle Age
19:30 Wheelbarrow
19:12 Bloodlines
19:19 Scale Barding Armor
19:26 Forging
19:22 Fletching
20:34 Husbandry
20:53 Bow Saw
21:11 Heavy Plow
21:28 Padded Archer Armor
22:47 Gold Shaft Mining
24:00 Hand Cart
23:30 Town Watch
26:21 Bodkin Arrow
26:42 Leather Archer Armor
30:02 Stone Mining
33:21 Imperial Age
31:14 Ballistics
33:14 Thumb Ring
34:19 Town Watch
35:41 Two-Man Saw
35:01 Masonry
36:47 Cavalier
38:15 Parthian Tactics
39:24 Town Patrol
39:43 Bracer
42:05 Chain Barding Armor
41:45 Scale Mail Armor
42:26 Iron Casting
43:49 Paladin
45:51 Plate Barding Armor
48:14 Chemistry
48:17 Blast Furnace
51:14 Conscription
51:15 Atheism
50:56 Marauders
52:24 Scale Mail Armor
52:24 Murder Holes
Diegor
11:23 Feudal Age
12:41 Double-Bit Axe
13:39 Horse Collar
20:53 Castle Age
35:44 Bow Saw
41:22 Squires
41:42 Pikeman
43:46 Heavy Plow
51:06 Elite Skirmisher
55:04 Town Watch
Connection lost

Rejoining the realm…

Still unreachable

The connection could not be restored.

Session expired

The server has moved on; the page needs a fresh start.